 Dungeon Crawl Stone Soup version 0.31.0-7-gf635a9b802 (webtiles) character file.

Game seed: 13302096064284969125

124 SnakkuSnakku7 the Cudgeller (level 5, -1/40 HPs)
             Began as a Djinni Monk on Jan 24, 2024.
             Slain by a phantom (5 damage)
             ... on level 3 of the Dungeon.
             The game lasted 00:02:17 (2121 turns).

SnakkuSnakku7 the Cudgeller (Djinni Monk)           Turns: 2121, Time: 00:02:18

Health: -1/40      AC:  2    Str: 12    XL:     5   Next: 30%
Gold:   143        EV: 13    Int: 12    God:
                   SH:  0    Dex: 15

rFire   + + .        a - +0 mace
rCold   x . .        d - orb {light}
rNeg    . . .        b - +0 robe
rPois   ∞            (no helmet)
rElec   .            (no cloak)
rCorr   .            (no gloves)
SInv    .            (boots unavailable)
Will    +....        (no amulet)
Stlth   +            k - ring of willpower
HPRegen 0.26/turn    (no ring)
MPRegen 0.00/turn

%: infuse magic (-2 HP)
@: flying, glowing
A: sickness immunity, fire resistance 2, cold vulnerability 1, float, innate
caster, HP casting, extra vitality 1
a: no special abilities


You were on level 3 of the Dungeon.
You visited 1 branch of the dungeon, and saw 3 of its levels.

You collected 143 gold pieces.

Inventory:

Hand Weapons
 a - a +0 mace (weapon)
Armour
 b - a +0 robe (worn)
 d - an orb of light (worn)
Jewellery
 k - a ring of willpower (left hand)
 n - the amulet of Jyrezar {Spirit +Inv rN+ Will-}
   (You found it on level 3 of the Dungeon)

   [amulet of guardian spirit]

   Spirit:    It causes incoming damage to be divided between your reserves of
   health and magic.
   rN+:       It protects you from negative energy.
   Will-:     It decreases your willpower.
   +Inv:      It lets you turn invisible.
 r - a ring of protection from cold
Scrolls
 e - 2 scrolls of immolation {unknown}
 o - a scroll of amnesia {unknown}
 p - a scroll of fog {unknown}
 q - a scroll of blinking {unknown}
Potions
 c - a potion of ambrosia
 f - a potion of brilliance {unknown}
 g - 2 potions of lignification {unknown}
 h - a potion of curing {unknown}
 i - 3 potions of heal wounds {unknown}
 j - a potion of haste {unknown}
 l - a potion of berserk rage {unknown}
 m - 2 potions of attraction {unknown}
 s - a potion of degeneration {unknown}


   Skills:
 - Level 3.0 Fighting
 + Level 4.6 Maces & Flails
 - Level 3.2 Dodging


You knew the following spells:

 Your Spells              Type           Power      Damage    Failure   Level
a - Kiss of Death         Conj/Necr      0%         2d5       32%         1
b - Mercury Vapours       Alch/Air       0%         N/A       45%         2
Your spell library was empty.

Dungeon Overview and Level Annotations

Branches:
Dungeon (3/15)

Altars:
Ashenzari
Okawaru
Zin


Innate Abilities, Weirdness & Mutations

You are immune to sickness and miasma.
You are immune to poison.
Your flesh is very heat resistant. (rF++)
You are vulnerable to cold. (rC-)
You float through the air rather than walking.
You learn spells naturally, not from books.
Your magical power is your life essence.
You have superior vitality. (+4 MHP)


Message History

The phantom closely misses you.
You barely miss the phantom.
The phantom is severely damaged.
The phantom closely misses you.
You hit the phantom.
The phantom is severely damaged.
The phantom hits you!
You are too injured to fight recklessly!
You are too injured to fight recklessly!
You are too injured to fight recklessly!
You are too injured to fight recklessly!
You closely miss the phantom.
The phantom is severely damaged.
The phantom misses you.
You barely miss the phantom.
The phantom is severely damaged.
The phantom hits you.
You hit the phantom.
The phantom is severely damaged.
The phantom closely misses you. The phantom hits you!
The phantom blinks!
You blink.
You hit the phantom but do no damage.
The phantom is severely damaged.
The phantom hits you.
* * * LOW HITPOINT WARNING * * *
You hit the phantom.
The phantom is severely damaged.
The phantom hits you.
* * * LOW HITPOINT WARNING * * *
You barely miss the phantom.
The phantom is severely damaged.
The phantom misses you.
You barely miss the phantom.
The phantom is severely damaged.
The phantom hits you.
* * * LOW HITPOINT WARNING * * *
You hit the phantom.
The phantom is almost destroyed.
The phantom hits you.
You die...

#.####.......#
#...##.. #
#...##.......# #..##..
#
###.##.......###.##...
# #..........##.## #
###.>......##.# ###
############# #.# ...
#.# #.# #.# #@# #.#.
#W# #.#.#+##.#+##.#+
#.#............. #.#.#
#.#+## #.#.# #.#..#
###.#.# +.'§.#
##...#.####.####.##
#..###.............


You could see a phantom.

Vanquished Creatures
  An orc priest (D:3)
  4 gnolls
  An adder (D:3)
  A dart slug (D:1)
  A ribbon worm (D:3)
  3 orcs (D:3)
  7 ball pythons
  2 endoplasms
  A giant cockroach (D:1)
  5 goblins
  3 hobgoblins
  2 quokkas
  4 bats (D:1)
  3 kobolds
  5 rats
43 creatures vanquished.

Notes
Turn   | Place    | Note
-------+----------+-------------------------------------------
     0 | D:1      | SnakkuSnakku7 the Djinni Monk began the quest for the Orb.
     0 | D:1      | Reached XP level 1. HP: 20/20 MP: 0/0
   103 | D:1      | Reached XP level 2. HP: 10/25 MP: 0/0
   135 | D:1      | Reached skill level 3 in Maces & Flails
   278 | D:1      | Reached XP level 3. HP: 14/30 MP: 0/0
   278 | D:1      | Learned a level 1 spell: Kiss of Death
   883 | D:3      | Identified the amulet of Jyrezar {Spirit +Inv rN+ Will-}
   912 | D:3      | Reached skill level 4 in Maces & Flails
   912 | D:3      | Reached XP level 4. HP: 13/35 MP: 0/0
  1077 | D:3      | Reached XP level 5. HP: 20/40 MP: 0/0
  1077 | D:3      | Learned a level 2 spell: Mercury Vapours
  1359 | D:3      | Found an iron altar of Okawaru.
  1442 | D:3      | Found a broken altar of Ashenzari.
  1862 | D:3      | Found a glowing silver altar of Zin.
  2101 | D:3      | Noticed a phantom
  2121 | D:3      | Slain by a phantom

Illustrated notes

Levels and vault maps discovered:
D:1:      dpeg_arrival_rhombi, layout_rooms, minmay_liquid_box,
          hangedman_decor_clover_reticule, serial_bayou_lagoon_b
D:2:      layout_rooms
D:3:      minmay_door_path, layout_rooms, nicolae_ashenzari_panopticon,
          kennysheep_okawaru_gauntlet, mainiacjoe_overflow_tiny_flanked,
          serial_co_window_serial, co_window_of_opportunity_a,
          co_window_paths_b, co_window_corner_a, co_window_paths_b,
          co_window_paths_a, co_window_broadway_a, co_window_broadway_c,
          co_window_2corner, co_window_2corner, co_window_paths_d,
          glass_columns_a, glass_columns_c

Skill      XL: |  1  2  3 |
---------------+----------+-----
Maces & Flails | 3 4 |  4.6
Fighting       | |  3.0
Dodging        | |  3.2

Action                     |  1- 3 |  4- 6 || total
---------------------------+-------+-------++-------
  Melee: Mace              |    81 |    62 ||   143
 Armour: Robe              |    43 |    35 ||    78
  Dodge: Dodged            |    61 |    36 ||    97
